 Dungeon Crawl Stone Soup version 0.29-a0-617-g7a6b98fccd (webtiles) character file.

Game seed: 11713060368923134364

51 pascalblue the Magician (level 3, -1/19 HPs)
             Began as a Deep Elf Hedge Wizard on June 17, 2022.
             Was a Follower of Uskayaw.
             Slain by Terence
             ... wielding a +0 hand axe
              (3 damage)
             ... on level 2 of the Dungeon.
             The game lasted 00:08:41 (2320 turns).

pascalblue the Magician (Deep Elf Hedge Wizard)     Turns: 2320, Time: 00:08:41

Health: -1/19      AC:  2    Str:  7    XL:     3   Next: 58%
Magic:  1/11       EV: 12    Int: 20    God:    Uskayaw [*.....]
Gold:   45         SH:  0    Dex: 14    Spells: 5/11 levels left

rFire   . . .      SeeInvis .   g - +0 short sword
rCold   . . .      Faith    .   (no shield)
rNeg    . . .      Spirit   .   b - +0 robe
rPois   .          Reflect  .   c - +0 hat
rElec   .          Harm     .   (no cloak)
rCorr   .          Rampage  .   (no gloves)
Will    .....                   (no boots)
Stlth   ++........              (no amulet)
HPRegen 0.06/turn               (no ring)
MPRegen 0.12/turn               (no ring)

@: no status effects
A: no striking features
a: Renounce Religion, Stomp


You were on level 2 of the Dungeon.
You worshipped Uskayaw.
Uskayaw was noncommittal.
You visited 1 branch of the dungeon, and saw 2 of its levels.

You collected 45 gold pieces.

Inventory:

Hand Weapons
 a - a +0 dagger
 g - a +0 short sword (weapon)
Armour
 b - a +0 robe (worn)
 c - a +0 hat (worn)
Potions
 d - a potion of curing {unknown}
 e - a potion of heal wounds {unknown}
 f - 5 potions of mutation
 k - 3 potions of might {unknown}


   Skills:
 - Level 2.4 Dodging
 - Level 2.4 Stealth
 + Level 4.8 Spellcasting
 * Level 2.2 Conjurations
 + Level 1.7 Summonings
 - Level 2.0 Translocations
 * Level 0.6 Air Magic
 * Level 1.0 Poison Magic


You had 5 spell levels left.
You knew the following spells:

 Your Spells              Type           Power      Damage    Failure   Level
a - Magic Dart            Conj           52%        1d5       4%          1
b - Poisonous Vapours     Pois/Air       16%        N/A       13%         2
c - Mephitic Cloud        Conj/Pois/Air  9%         N/A       22%         3

Your spell library contained the following spells:

 Spells                   Type           Power      Damage    Failure   Level
 Blink                    Tloc           24%        N/A       8%          2
 Call Imp                 Summ           11%        N/A       9%          2
 Sting                    Tmut/Pois      24%        1d4       10%         1
 Slow                     Hex            16%        N/A       12%         1
 Conjure Flame            Conj/Fire      9%         6-21      22%         3
 Olgreb's Toxic Radiance  Pois           8%         N/A       61%         4


Dungeon Overview and Level Annotations

Branches:
Dungeon (2/15)

Altars:
Uskayaw

Annotations:
D:2 Terence


Message History

Press: ? - help, Shift-Dir - straight line, f/p - Terence
Aim: Terence, wielding a +0 hand axe and wearing a +0 ring mail (heavily wounded, poisoned, 100% to hit)
You miscast Magic Dart.
You are very lightly contaminated with residual magic.
Nothing appears to happen.
Terence barely misses you.
Casting: Magic Dart (safe; 4% risk of failure)
Confirm with . or Enter, or press ? or * to list all spells.
Aiming: Magic Dart (safe; 4% risk of failure)
Press: ? - help, Shift-Dir - straight line, f/p - Terence
Aim: Terence, wielding a +0 hand axe and wearing a +0 ring mail (heavily wounded, poisoned, 100% to hit)
You miscast Magic Dart.
Nothing appears to happen.
Terence barely misses you.
Unknown command.
Terence attacks as you move away! Terence hits you with a +0 hand axe.
Terence looks more healthy.
Terence attacks as you move away! Terence barely misses you.
Terence attacks as you move away! Terence hits you with a +0 hand axe.
* * * LOW HITPOINT WARNING * * *
Casting: Magic Dart (safe; 4% risk of failure)
Confirm with . or Enter, or press ? or * to list all spells.
Aiming: Magic Dart (safe; 4% risk of failure)
Press: ? - help, Shift-Dir - straight line, f/p - Terence
Aim: Terence, wielding a +0 hand axe and wearing a +0 ring mail (heavily wounded, 100% to hit)
The magic dart hits Terence but does no damage.
Terence is heavily wounded.
Terence misses you.
Okay, then.
Casting: Magic Dart (safe; 4% risk of failure)
Confirm with . or Enter, or press ? or * to list all spells.
Aiming: Magic Dart (safe; 4% risk of failure)
Press: ? - help, Shift-Dir - straight line, f/p - Terence
Aim: Terence, wielding a +0 hand axe and wearing a +0 ring mail (heavily wounded, 100% to hit)
The magic dart hits Terence.
Terence is severely wounded.
Terence hits you with a +0 hand axe.
* * * LOW HITPOINT WARNING * * *
Your magical contamination has completely faded away.
Terence attacks as you move away! Terence closely misses you.
There is an escape hatch in the floor here.
Terence hits you with a +0 hand axe.
You die...

#.#...#....# #...
###.#...#....#
..#+#
#.......###'## ...
# #.......###.# ..
# #.....###...# #
#.......#...####
###+#...#......+
#####.#...#...####
#.....@@........#
#.###.#########.#
#.....# #.#
####### #.# #.#
#.# ##########.#
#..........#
#.##########


You could see Terence.

Vanquished Creatures
  2 adders (D:2)
  2 worms (D:2)
  An endoplasm (D:1)
  A giant cockroach (D:2)
  2 goblins (D:1)
  3 hobgoblins
  A quokka (D:2)
  3 ball pythons
  3 bats
  3 frilled lizards (D:1)
  3 kobolds (D:1)
  8 rats
32 creatures vanquished.

Vanquished Creatures (others)
  A plant (D:1)
1 creature vanquished.

Grand Total: 33 creatures vanquished

Notes
Turn   | Place    | Note
-------+----------+-------------------------------------------
     0 | D:1      | pascalblue the Deep Elf Hedge Wizard began the quest for
                  | the Orb.
     0 | D:1      | Reached XP level 1. HP: 10/10 MP: 7/7
   161 | D:1      | Found a faded altar of an unknown god.
   182 | D:1      | Prayed at the altar of an unknown god.
   182 | D:1      | Became a worshipper of Uskayaw the Reveller
   182 | D:1      | Reached * piety under Uskayaw
   206 | D:1      | Reached ** piety under Uskayaw
   237 | D:1      | Reached XP level 2. HP: 15/15 MP: 6/9
   273 | D:1      | Learned a level 2 spell: Poisonous Vapours
  1201 | D:2      | Reached XP level 3. HP: 19/19 MP: 9/11
  1627 | D:2      | Learned a level 3 spell: Mephitic Cloud
  1715 | D:2      | Reached *** piety under Uskayaw
  2042 | D:2      | Reached skill level 1 in Poison Magic
  2256 | D:2      | Noticed Terence
  2320 | D:2      | Slain by Terence

Illustrated notes

Levels and vault maps discovered:
D:1:      dpeg_arrival_refuge, layout_basic, shapermc_ecumenical_altar_ellora
D:2:      layout_basic, serial_bayou_pond_b, uniq_terence

Skill      XL: |  1  2  3 |
---------------+----------+-----
Conjurations   | 2 |  2.2
Translocations | 2 |  2.0
Poison Magic   | 1 |  1.0
Dodging        | |  2.4
Stealth        | |  2.4
Spellcasting   | |  4.8
Summonings     | |  1.7
Air Magic      | |  0.6

Action                   || total
-------------------------++-------
Melee: Short sword       ||     4
 Cast: Magic Dart        ||    87
       Poisonous Vapours ||     7
  Use: Scroll            ||     4
       Potion            ||     1
Armor: Robe              ||     4
Dodge: Dodged            ||    19

Table legend: (Time is in decaauts)
 A = Elapsed time spent in this place.
 B = Non-inter-level travel time spent in this place.
 C = Inter-level travel time spent in this place.
 D = Time resting spent in this place.
 E = Time spent auto-exploring this place.
 F = Levels seen in this place.
 G = Mean time per level.
                   A        B        C        D        E       F      G
               +--------+--------+--------+--------+--------+-----+--------+
         Total |   2323 |   2299 |     24 |    468 |   1520 |   2 | 1161.5 |
       Dungeon |   2323 |   2299 |     24 |    468 |   1520 |   2 | 1161.5 |
               +--------+--------+--------+--------+--------+-----+--------+

Top non-repeatable levels by time:
     D:2: 1332 daAuts
     D:1: 990 daAuts
